 Dungeon Crawl Stone Soup version 0.23-a0-143-g1adec7b (webtiles) character file.

1957 KristoblXynda the Nimble (level 8, -6/43 HPs)
             Began as a Spriggan Berserker on Sept 3, 2018.
             Was an Elder of Trog.
             Mangled by a wight
             ... wielding a cursed +5 halberd
              (7 damage)
             ... on level 6 of the Dungeon.
             The game lasted 00:22:27 (8140 turns).

KristoblXynda the Nimble (Spriggan Berserker)       Turns: 8140, Time: 00:22:28

Health: -6/43      AC: 10    Str: 15    XL:     8   Next: 99%
Magic:  11/11      EV: 24    Int:  9    God:    Trog [****..]
Gold:   382        SH:  4    Dex: 20    Spells: 7/7 levels left

rFire    . . .     SeeInvis +   a - +1 dagger (protect)
rCold    . . .     Gourm    .   (shield restricted)
rNeg     . . .     Faith    .   b - +0 animal skin
rPois    .         Spirit   .   (helmet restricted)
rElec    .         Reflect  +   s - +0 cloak
rCorr    +         Harm     .   (gloves unavailable)
MR       +....                  (boots unavailable)
Stlth    ++++......             d - +4 amulet of reflection
HPRegen  0.14/turn              A - ring of resist corrosion
MPRegen  0.12/turn              u - +5 ring of dexterity

@: protection aura, heavily drained, very quick
A: very small, unfitting armour, see invisible, herbivore, speed 3, slow
metabolism 2
a: Berserk, Trog's Hand, Brothers in Arms, Renounce Religion


You were on level 6 of the Dungeon.
You worshipped Trog.
Trog was greatly pleased with you.
You were hungry.

You visited 2 branches of the dungeon, and saw 7 of its levels.

You collected 382 gold pieces.

Inventory:

Hand Weapons
 a - a +1 dagger of protection (weapon)
Missiles
 B - 3 silver tomahawks (quivered)
Armour
 b - a +0 animal skin (worn)
 s - a +0 cloak (worn)
 v - a +0 buckler
Jewellery
 d - a +4 amulet of reflection (around neck)
 i - an uncursed ring of protection from magic
 u - a +5 ring of dexterity (right hand)
 w - an uncursed amulet of guardian spirit {unknown}
 z - an uncursed amulet of faith {unknown}
 A - a ring of resist corrosion (left hand)
Wands
 C - a wand of disintegration (15)
Scrolls
 f - 3 scrolls of teleportation
 g - a scroll of blinking {unknown}
 h - a scroll of remove curse
 o - a scroll of magic mapping {unknown}
 q - a scroll of enchant weapon {unknown}
 r - a scroll of amnesia
 t - a scroll of immolation {unknown}
 x - a scroll of fog {unknown}
 y - a scroll of noise {unknown}
 D - a scroll of enchant armour {unknown}
Potions
 e - 2 potions of ambrosia
 j - 5 potions of curing
 k - a potion of resistance
 l - 2 potions of flight
 m - 2 potions of haste
 n - 3 potions of lignification
 p - 2 potions of heal wounds
 E - a potion of brilliance {unknown}
Comestibles
 c - 3 rations


   Skills:
 - Level 5.0(3.7) Fighting
 + Level 7.2(5.8) Short Blades
 + Level 9.5(8.0) Dodging
 + Level 9.0(7.5) Stealth
 + Level 2.7(1.4) Evocations


You had 7 spell levels left.
You didn't know any spells.
Your spell library contained the following spells:

 Spells                   Type           Power        Failure   Level  Hunger
 Confusing Touch          Hex            #.....       38%         1    ##.....
 Confuse                  Hex            #.......     77%         3    ####...
 Gell's Gravitas          Tloc           #.........   77%         3    ####...
 Petrify                  Tmut/Erth      #.......     99%         4    #####..
 Metabolic Englaciation   Hex/Ice        #.........   100%        5    ######.
 Yara's Violent Unravell  Hex/Tmut       #.........   100%        5    ######.


Dungeon Overview and Level Annotations

Branches:
Dungeon (6/15)             Temple (1/1) D:4

Altars:
Ashenzari
Cheibriados
Dithmenos
Elyvilon
Fedhas
Gozag
Hepliaklqana
Kikubaaqudgha
Makhleb
Nemelex Xobeh
Okawaru
Qazlal
Sif Muna
Trog
Uskayaw
Vehumet
Wu Jian
Xom
Yredelemnul
Zin
The Shining One


Innate Abilities, Weirdness & Mutations

You are very small and have problems with some larger weapons.
You are too small for most types of armour.
You have supernaturally acute eyesight. (SInv)
You are a herbivore.
You cover ground extremely quickly.
You need to consume almost no food.


Message History

You hit the wight but do no damage.
The wight is severely damaged.
You hit the wight but do no damage.
The wight is severely damaged.
The crimson imp disappears for a moment.
The wight completely misses you.
You hit the wight but do no damage.
The wight is severely damaged.
You closely miss the wight.
The wight is severely damaged.
You block the wight's attack.
You hit the wight.
The wight is almost destroyed.
The crimson imp hits you but does no damage.
You hit the wight.
The wight is almost destroyed.
The wight hits you with an enchanted halberd!
* * * LOW HITPOINT WARNING * * *
You feel drained.
You die...

...#.................. +....
...).........)........ ....
...#.........)).......
.###)######..#########
.###.######..##..#####
..........().'......z#
.............#.......#
.##############.z###.#
.######..##..##.@###.##########+#
>..#......#...†..5.....#.........
...'......#.....$......'.........
...#......#............#.<.......
...#......#............#.........
##.###....#.......#....##..##...#
##+###.##.###############..# ###
..........# .... ###.####..#
..(.#


You could see a wight and a crimson imp.

Vanquished Creatures
  Sigmund (D:2)
  An orc warrior (D:6)
  An ogre (D:5)
  3 centaurs (D:5)
  3 bullfrogs (D:6)
  4 wights (D:6)
  A crimson imp (D:2)
  2 bullfrog zombies
  A centaur skeleton (D:4)
  5 orc priests
  A bullfrog skeleton (D:4)
  2 hounds (D:4)
  4 orc wizards (D:5)
  An iguana (D:4)
  Natasha (thrice) (D:2)
  3 worker ants
  2 hound zombies (D:5)
  12 adders
  A howler monkey skeleton (D:6)
  2 shadow imps
  3 adder skeletons
  An adder zombie (D:5)
  4 worms
  3 dart slugs
  6 leopard geckos
  19 orcs
  13 bats
  7 giant cockroaches
  7 hobgoblins
  14 jackals
  5 frilled lizards
  6 goblins
  8 kobolds
  7 rats
156 creatures vanquished.

Vanquished Creatures (collateral kills)
  A scorpion (D:6)
  2 wights (D:6)
3 creatures vanquished.

Grand Total: 159 creatures vanquished

Notes
Turn   | Place    | Note
-------+----------+-------------------------------------------
     0 | D:1      | KristoblXynda the Spriggan Berserker began the quest for
                  | the Orb.
     0 | D:1      | Reached XP level 1. HP: 11/11 MP: 2/2
   371 | D:1      | Reached skill level 1 in Stealth
   385 | D:1      | Reached XP level 2. HP: 12/16 MP: 3/3
   828 | D:1      | Reached XP level 3. HP: 17/19 MP: 4/4
  1103 | D:1      | Reached ** piety under Trog
  1103 | D:1      | Reached skill level 5 in Dodging
  1528 | D:2      | Noticed Natasha
  1539 | D:2      | Killed Natasha
  1539 | D:2      | Reached XP level 4. HP: 20/23 MP: 5/5
  1959 | D:2      | Noticed Natasha
  2405 | D:2      | Killed Natasha
  2405 | D:2      | Reached XP level 5. HP: 18/28 MP: 6/6
  2419 | D:2      | Noticed Natasha
  2429 | D:2      | Killed Natasha
  2479 | D:2      | Noticed Sigmund
  3194 | D:2      | Killed Sigmund
  3194 | D:2      | Reached XP level 6. HP: 32/32 MP: 7/7
  3314 | D:2      | Reached skill level 5 in Short Blades
  3388 | D:2      | Reached skill level 5 in Stealth
  3492 | D:2      | Reached *** piety under Trog
  3681 | D:4      | Found an opulent altar of Gozag.
  4065 | D:4      | Reached XP level 7. HP: 29/37 MP: 8/8
  4088 | D:4      | Found a staircase to the Ecumenical Temple.
  4151 | Temple   | Entered the Ecumenical Temple
  4614 | D:4      | Found a blossoming altar of Fedhas.
  5105 | D:5      | Entered Level 5 of the Dungeon
  6052 | D:5      | Reached XP level 8. HP: 41/42 MP: 9/9
  6148 | D:5      | Reached **** piety under Trog
  6307 | D:5      | Found an ancient bone altar of Kikubaaqudgha.
  6310 | D:5      | Found a bloodstained altar of Trog.
  6312 | D:5      | Found a basalt altar of Yredelemnul.
  6659 | D:5      | Received a gift from Trog
  7125 | D:6      | Reached skill level 5 in Fighting
  7583 | D:6      | Reached skill level 1 in Evocations
  7658 | D:6      | Found a sparkling altar of Nemelex Xobeh.
  8140 | D:6      | HP: 1/43 [wight/enchanted halberd (17)]
  8140 | D:6      | Mangled by a wight

Vault maps used:
D:1:      dpeg_arrival_circle_labyrinth_c, serial_glass, glass_columns_c,
          glass_columns_c, glass_columns_a, glass_columns_a,
          minmay_small_reverse_x
D:2:      uniq_sigmund, uniq_natasha
D:3:      first_ration
D:4:      old_standard_altar, minmay_temple_entry_glassed_door,
          nicolae_gozag_seed_capital
D:5:      minmay_opposing_rooms, nicolae_overflow_hidden_temple
D:6:      old_standard_altar, nicolae_ru_path_of_blood, uniq_prince_ribbit1
Temple:   nicolae_temple_elliptical

Skill      XL: |  1  2  3  4  5  6  7  8 |
---------------+-------------------------+-----
Stealth        | 1 2 3 4 5 7 9 |  9.0
Dodging        | 5 6 8 9 |  9.5
Short Blades   | 4 5 6 7 |  7.2
Fighting       | 3 4 5 |  5.0
Evocations     | 2 |  2.7

Action                   |  1- 3 |  4- 6 |  7- 9 || total
-------------------------+-------+-------+-------++-------
Melee: Short sword       |   136 |   300 |   409 ||   845
       Dagger            |       |       |   110 ||   110
Invok: Berserk           |     3 |     6 |     3 ||    12
       Brothers in Arms  |       |       |     1 ||     1
Evoke: Wand              |       |       |     2 ||     2
  Use: Scroll            |     5 |     7 |     2 ||    14
       Potion            |       |       |     2 ||     2
 Stab: Sleeping          |     6 |     7 |    12 ||    25
  Eat: Ration            |       |     5 |     4 ||     9
Armor: Animal skin       |    18 |    20 |    14 ||    52
Dodge: Dodged            |   114 |   216 |   317 ||   647
Block: Other             |     5 |    40 |    58 ||   103

Table legend:
 A = Non-vault XP
 B = Vault XP
 C = Vault XP percentage of total XP
 D = Non-vault monster count
 E = Vault monster count
 F = Vault count percentage of total count
                 A         B        C        D         E       F
            +---------+---------+-------+---------+---------+-------
      Total |    2278 |     518 |  18.5 |     144 |      15 |   9.4
            +---------+---------+-------+---------+---------+-------
        D:1 |      44 |      11 |  20.0 |      26 |       4 |  13.3
        D:2 |     229 |     266 |  53.7 |      37 |       2 |   5.1
        D:3 |      72 |       0 |   0.0 |      13 |       0 |   0.0
        D:4 |     324 |       0 |   0.0 |      22 |       0 |   0.0
        D:5 |     744 |     241 |  24.5 |      25 |       9 |  26.5
        D:6 |     865 |       0 |   0.0 |      21 |       0 |   0.0
            +---------+---------+-------+---------+---------+-------
